 Dungeon Crawl Stone Soup version 0.29.1-1-gd02db6906a (webtiles) character file.

Game seed: 1933118399838520543

41 masschaos23 the Covered (level 3, -5/33 HPs)
             Began as a Hill Orc Fighter on Sept 15, 2022.
             Succumbed to a kobold's poison
             ... on level 2 of the Dungeon.
             The game lasted 00:01:18 (2051 turns).

masschaos23 the Covered (Hill Orc Fighter)          Turns: 2051, Time: 00:01:18

Health: -5/33      AC:  7    Str: 20    XL:     3   Next: 52%
Magic:  3/3        EV:  9    Int:  8    God:
Gold:   86         SH:  4    Dex: 10    Spells: 2/2 levels left

rFire   . . .      SeeInvis .   a - +0 war axe
rCold   . . .      Faith    .   c - +0 buckler
rNeg    . . .      Spirit   .   b - +0 scale mail
rPois   .          Reflect  .   (no helmet)
rElec   .          Harm     .   (no cloak)
rCorr   .          Rampage  .   (no gloves)
Will    .....                   (no boots)
Stlth   ..........              (no amulet)
HPRegen 0.11/turn               (no ring)
MPRegen 0.08/turn               (no ring)

@: brilliant, lethally poisoned (-5 -> -35)
A: no striking features
a: no special abilities


You were on level 2 of the Dungeon.
You visited 1 branch of the dungeon, and saw 2 of its levels.

You collected 86 gold pieces.

Inventory:

Hand Weapons
 a - a +0 war axe (weapon)
Armour
 b - a +0 scale mail (worn)
 c - a +0 buckler (worn)
Scrolls
 e - 3 scrolls of identify {unknown}
 g - 2 scrolls of teleportation {unknown}
 h - a scroll of magic mapping {unknown}
 i - a scroll of torment {unknown}
Potions
 d - a potion of might
 j - a potion of degeneration {unknown}


   Skills:
 + Level 3.8 Fighting
 + Level 3.7 Axes
 + Level 3.9 Armour
 + Level 0.1 Dodging
 + Level 0.1 Stealth
 + Level 3.6 Shields


You had 2 spell levels left.
You didn't know any spells.
Your spell library contained the following spells:

 Spells                   Type           Power      Damage    Failure   Level
 Blink                    Tloc           0%         N/A       94%         2
 Lesser Beckoning         Tloc           0%         N/A       99%         3
 Manifold Assault         Tloc           0%         N/A       100%        5


Dungeon Overview and Level Annotations

Branches:
Dungeon (2/15)

Altars:
Uskayaw

Shops:
D:2 :[*(


Message History

The kobold shouts!
A kobold is nearby!
A kobold is nearby!
A kobold is nearby!
A kobold is nearby!
You barely miss the kobold. The kobold barely misses you.
A kobold is nearby!
You closely miss the kobold.
The kobold hits you with a +1 short sword of venom.
You are poisoned.
The kobold hits you with a +1 short sword of venom.
You are more poisoned.
A kobold is nearby!
You hit the kobold but do no damage.
You feel very sick.
The kobold hits you with a +1 short sword of venom.
You are lethally poisoned!
There is a lethal amount of poison in your body!
You barely miss the kobold.
You feel extremely sick. The kobold hits you but does no damage.
You are more poisoned.
There is a lethal amount of poison in your body!
You are too injured to fight recklessly!
There is a lethal amount of poison in your body!
You are too injured to fight recklessly!
There is a lethal amount of poison in your body!
There is a lethal amount of poison in your body!
You are too injured to fight recklessly!
There is a lethal amount of poison in your body!
You closely miss the kobold.
* * * LOW HITPOINT WARNING * * *
You feel extremely sick.
The kobold hits you with a +1 short sword of venom.
* * * LOW HITPOINT WARNING * * *
You are more poisoned.
You block the kobold's attack.
It was a potion of brilliance.
You feel clever all of a sudden.
You die...

#.......# #.._..#.#
#.....#.# #.......#
#####..###)#######
#......# #..∩.....
#......###.######.
##[.............##.
#K@...........)....
#..##....##.#.###.##.
###..##.#####.#.#
#.##. ###.....#
#.#.###.##.
#...∩...## #
#.##..... .....####
#.##.##.# .##..## ..
.. #. .##..#. ## #.
...


You could see a kobold.

Vanquished Creatures
  An adder (D:2)
  2 dart slugs
  2 endoplasms
  2 giant cockroaches
  A goblin (D:1)
  A hobgoblin (D:1)
  2 jackals (D:1)
  7 ball pythons
  5 bats
  2 frilled lizards
  3 kobolds
  2 rats (D:2)
30 creatures vanquished.

Notes
Turn   | Place    | Note
-------+----------+-------------------------------------------
     0 | D:1      | masschaos23 the Hill Orc Fighter began the quest for the
                  | Orb.
     0 | D:1      | Reached XP level 1. HP: 19/19 MP: 1/1
   565 | D:1      | Reached XP level 2. HP: 25/26 MP: 2/2
  1420 | D:2      | Found Kaijust's General Store.
  1572 | D:2      | Found Cyidgh's Antique Weapon Boutique.
  1652 | D:2      | Reached XP level 3. HP: 33/33 MP: 3/3
  2014 | D:2      | Found Pasu Wig's Armour Shop.
  2016 | D:2      | Found a hide-covered altar of Uskayaw.
  2041 | D:2      | Found Tononeloca's Book Shoppe.
  2050 | D:2      | HP: 1/33 [kobold/+1 short sword of venom (2)]
  2051 | D:2      | Succumbed to a kobold's poison

Illustrated notes

Levels and vault maps discovered:
D:1:      psy_arrival_whirlpool, layout_basic
D:2:      layout_loops_ring, serial_shops, shop, shop, nicolae_square_shop,
          nicolae_shop_waterfront, shop, basic_altar

Skill      XL: |  1  2 |
---------------+-------+-----
Axes           | 3 |  3.7
Fighting       | |  3.8
Armour         | |  3.9
Dodging        | |  0.1
Stealth        | |  0.1
Shields        | |  3.6

Action                   || total
-------------------------++-------
Melee: War axe           ||   115
  Use: Potion            ||     1
Armor: Scale mail        ||    53
Dodge: Dodged            ||    67
Block: Buckler           ||    29
